Map: NeoHumanity LE

Players

Fear - Winner!

  • Race: Terran Terran
  • League: Master
  • Spawn Location: 5:00

Ludo

  • Race: Zerg Zerg
  • League: Master
  • Spawn Location: 11:00

VOD

Have the link to the VOD?

Description

Time

  • Played on: Feb. 8, 2023, 11:45 a.m.
  • Length: 31:02
Show
View Real Time Build Order
Export as new Build Order

Fear Terran - Winner!

Build Orders: Mech 

Get SALT Encoding   

  12  0:00  SCV  
  13  0:12  SCV  
  14  0:20  Supply Depot  
  14  0:25  SCV  
  15  0:41  SCV  
  16  0:42  Barracks  
  16  0:53  SCV  
  17  1:05  SCV  
  18  1:17  Command Center  
  18  1:20  SCV  
  19  1:26  Refinery  
  19  1:30  Marine  
  20  1:33  SCV  
  21  1:40  Refinery  
  21  1:45  Supply Depot  
  21  1:51  Marine  
  21  1:53  SCV  
  23  2:09  Supply Depot  
  23  2:15  Factory  
  23  2:22  Marine  
  24  2:24  SCV  
  24  2:29  SCV  
  26  2:35  Refinery  
  26  2:43  Orbital Command  
  26  2:53  Orbital Command  
  26  3:04  Starport  
  26  3:08  Factory Tech Lab  
  26  3:13  SCV  
  26  3:19  SCV  
  28  3:25  SCV  
  28  3:26  Refinery  
  29  3:32  Siege Tank  
  29  3:34  SCV  
  33  3:37  SCV  
  34  3:43  Starport Tech Lab  
  34  3:46  SCV  
  35  3:48  Fusion Core  
  35  3:51  SCV  
  35  3:53  Marine  
  32  4:03  SCV  
  32  4:04  SCV  
  30  4:11  Marine  
  27  4:19  SCV x2  
  27  4:29  Marine  
  27  4:31  SCV  
  29  4:34  SCV  
  30  4:43  SCV  
  31  4:46  SCV  
  31  4:52  Starport  
  32  4:55  SCV  
  32  4:58  SCV  
  34  5:07  SCV  
  35  5:16  Battlecruiser  
  41  5:30  Battlecruiser  
  41  5:33  SCV x2  
  49  5:37  Supply Depot  
  49  5:45  SCV x2  
  51  5:50  Factory Tech Lab  
  51  5:53  Supply Depot  
  51  5:57  SCV  
  51  5:58  SCV  
  51  5:59  Engineering Bay  
  51  6:01  Weapon Refit  
  53  6:10  SCV x2  
  53  6:11  Bunker  
  55  6:22  SCV x2  
  57  6:25  Missile Turret  
  57  6:26  Missile Turret  
  57  6:30  Siege Tank  
  60  6:34  SCV x2  
  62  6:46  SCV x2  
  64  6:49  Command Center  
  64  6:57  Factory  
  64  6:58  SCV x2  
  66  7:09  Siege Tank  
  66  7:10  SCV  
  70  7:28  Supply Depot  
  70  7:29  Supply Depot  
  70  7:43  Factory Tech Lab, Factory  
  70  7:45  Supply Depot  
  70  7:46  Supply Depot  
  70  7:48  Neosteel Armor  
  70  7:49  Siege Tank, SCV x2  
  75  8:01  SCV x2, Battlecruiser  
  83  8:14  SCV x2  
  85  8:20  Siege Tank  
  85  8:21  Siege Tank  
  85  8:26  SCV x2  
  93  8:28  Refinery  
  93  8:33  Planetary Fortress  
  93  8:34  Refinery  
  93  8:38  SCV x2  
  93  8:40  Mag-Field Accelerator  
  93  8:41  Factory Tech Lab  
  95  8:50  SCV  
  95  8:52  Missile Turret  
  95  8:53  SCV  
  97  9:02  SCV  
  98  9:03  Infernal Pre-Igniter  
  98  9:08  Armory  
  98  9:13  Armory, SCV x2  
  98  9:16  SCV  
  101  9:25  Missile Turret, SCV x2  
  101  9:28  Cyclone  
  101  9:29  Cyclone  
  102  9:41  Missile Turret x2  
  102  9:43  Missile Turret  
  102  9:48  Siege Tank, Factory  
  102  9:49  Factory  
  105  9:56  SCV x2  
  105  9:57  Command Center  
  107  10:02  SCV  
  107  10:03  Terran Vehicle Weapons Level 1  
  107  10:05  Terran Vehicle And Ship Armor Level 1  
  108  10:08  SCV x2  
  108  10:09  Hi-Sec Auto Tracking  
  110  10:17  Siege Tank  
  110  10:18  Siege Tank  
  110  10:20  SCV  
  117  10:24  SCV x2  
  117  10:27  Command Center  
  119  10:31  Factory Tech Lab  
  119  10:32  Factory Reactor  
  119  10:34  SCV  
  120  10:36  SCV x2  
  122  10:43  Battlecruiser  
  122  10:45  Siege Tank  
  122  10:47  Drilling Claws  
  122  10:48  Smart Servos  
  131  10:58  Hellion  
  131  11:00  Hellion  
  131  11:03  Hellion  
  131  11:09  SCV x2  
  130  11:15  SCV  
  130  11:17  Hellion  
  133  11:19  Siege Tank  
  133  11:21  Siege Tank, SCV x2  
  133  11:22  Orbital Command  
  133  11:24  Cyclone  
  144  11:27  SCV  
  145  11:33  SCV  
  145  11:37  SCV  
  145  11:38  Missile Turret  
  145  11:39  Missile Turret, SCV, Cyclone  
  151  11:43  Orbital Command  
  151  11:45  SCV  
  152  11:49  SCV  
  152  11:51  Cyclone  
  152  11:53  Siege Tank  
  159  11:54  Unknown  
  159  11:58  Supply Depot  
  159  11:59  Supply Depot  
  159  12:01  Terran Vehicle Weapons Level 2  
  159  12:05  Thor  
  151  12:18  Cyclone  
  130  12:23  Cyclone  
  130  12:27  Battlecruiser  
  132  12:35  Siege Tank  
  131  12:43  Command Center  
  131  12:45  Missile Turret  
  131  12:47  Missile Turret, Hellion x2  
  131  12:48  Missile Turret, Cyclone  
  131  12:50  SCV  
  131  12:51  Hellion, SCV  
  142  12:55  SCV x2  
  142  12:56  Hellion  
  146  13:00  Terran Vehicle And Ship Armor Level 2  
  146  13:07  Hellion  
  146  13:08  Hellion  
  146  13:09  Hellion  
  146  13:10  Hyperflight Rotors  
  146  13:12  Hellion  
  154  13:17  Hellion  
  156  13:20  Hellion  
  158  13:28  Hellion  
  158  13:29  Raven  
  158  13:30  Hellion x2  
  158  13:32  Raven  
  158  13:33  Thor  
  174  13:37  Supply Depot  
  174  13:38  SCV x2  
  174  13:40  SCV x2, Supply Depot  
  178  13:50  SCV  
  178  13:51  Hellion  
  178  13:52  Hellion, SCV  
  178  13:53  Hellion  
  178  13:54  Hellion  
  178  13:55  Thor  
  146  14:03  Battlecruiser  
  150  14:13  Hellion x2  
  150  14:14  Hellion  
  150  14:16  Siege Tank, Hellion  
  161  14:27  Refinery x2  
  161  14:34  Hellion x2  
  161  14:35  Orbital Command, Siege Tank, Terran Vehicle Weapons Level 3  
  161  14:37  Cyclone  
  161  14:38  Cyclone  
  174  14:40  Command Center  
  174  14:42  Missile Turret  
  174  14:43  Missile Turret x2  
  174  14:44  Missile Turret  
  174  14:48  Thor  
  180  14:55  Hellion  
  180  14:56  Hellion  
  178  15:07  Thor  
  178  15:09  Hellion  
  178  15:10  Hellion  
  159  15:30  Thor x2  
  159  15:32  SCV x2  
  159  15:33  SCV x3  
  172  15:40  Terran Vehicle And Ship Armor Level 3  
  170  15:44  SCV x2  
  170  15:45  SCV x3  
  170  15:49  Siege Tank  
  178  15:50  Siege Tank  
  178  15:56  SCV x2  
  183  15:57  SCV  
  183  16:01  Factory  
  184  16:10  Battlecruiser  
  184  16:11  Battlecruiser  
  196  16:18  Planetary Fortress  
  184  16:31  Thor  
  184  16:32  Thor x3  
  149  16:59  Missile Turret  
  149  17:00  Missile Turret  
  149  17:01  Widow Mine, Hellion  
  153  17:02  Missile Turret, SCV x3  
  153  17:06  SCV  
  153  17:07  SCV  
  158  17:14  Thor x2  
  158  17:15  Siege Tank  
  173  17:16  Factory Tech Lab  
  173  17:18  Battlecruiser  
  179  17:23  Hellion x2, Siege Tank  
  186  17:30  Supply Depot  
  186  17:32  Supply Depot  
  186  17:35  Siege Tank  
  189  17:44  Widow Mine  
  189  17:45  Missile Turret, Hellion  
  189  17:46  Missile Turret, Refinery  
  189  17:48  Refinery  
  193  17:52  Orbital Command  
  193  17:57  Siege Tank x2  
  193  17:58  Hellion  
  170  18:22  Hellion x2  
  170  18:23  Hellion x3  
  178  18:30  Hellion x2  
  178  18:32  Terran Ship Weapons Level 1  
  158  18:37  SCV x2  
  158  18:38  SCV x4  
  164  18:44  Hellion, Widow Mine x2, Siege Tank  
  173  18:49  SCV  
  173  18:50  SCV x4  
  176  19:05  Siege Tank  
  176  19:06  Hellion  
  176  19:09  Battlecruiser  
  178  19:15  SCV x5  
  179  19:27  Thor  
  165  19:35  Battlecruiser  
  171  19:41  Hellion x2  
  146  19:53  Orbital Command  
  146  19:56  Thor  
  141  20:13  Thor, Viking  
  141  20:14  Thor  
  154  20:25  Thor x2  
  166  20:33  SCV x2  
  168  20:39  Viking  
  170  20:43  Missile Turret x2  
  174  20:50  Battlecruiser  
  174  20:52  Thor  
  174  20:54  Hellion x2  
  188  20:57  Hellion x2  
  188  21:08  Hellion  
  188  21:09  Hellion  
  192  21:15  Hellion x2  
  192  21:18  Widow Mine, Siege Tank  
  199  21:22  Refinery x2  
  196  21:27  Medivac  
  198  21:54  Medivac, Orbital Command  
  194  22:00  Battlecruiser  
  173  22:06  Thor  
  173  22:07  Hellion  
  170  22:18  Hellion x5  
  180  22:24  Battlecruiser  
  180  22:28  Hellion  
  180  22:29  Refinery  
  180  22:30  Refinery  
  180  22:34  SCV  
  135  23:00  Hellion x2  
  135  23:01  Hellion x5  
  135  23:04  Battlecruiser  
  147  23:10  Starport  
  147  23:22  Hellion, Starport  
  147  23:24  SCV x3  
  147  23:26  Starport  
  152  23:33  Command Center  
  152  23:34  Missile Turret  
  158  23:35  Missile Turret  
  158  23:36  Missile Turret  
  158  23:43  Thor  
  158  23:44  Siege Tank x2, Thor x2  
  158  23:45  Hellion  
  171  24:01  Starport Tech Lab x2  
  157  24:07  Starport Tech Lab  
  138  24:29  Banshee x3  
  138  24:30  Banshee  
  128  24:32  Hellion x2  
  114  24:40  Hellion, Siege Tank x2  
  114  24:41  Hellion, Banshee  
  114  24:43  SCV x3  
  118  24:57  Hellion x3  
  118  24:58  SCV x2  
  118  24:59  SCV x3  
  120  25:02  Hellion  
  116  25:12  Banshee x4  
  127  25:20  Missile Turret  
  127  25:21  Cloaking Field  
  127  25:22  Missile Turret  
  127  25:24  Missile Turret  
  127  25:25  Missile Turret, SCV x4  
  127  25:27  Siege Tank  
  127  25:28  Hellion  
  136  25:30  SCV, Refinery  
  117  25:54  SCV x3  
  117  25:56  SCV x3  
  120  26:00  Planetary Fortress  
  119  26:07  Banshee x2  
  119  26:08  SCV  
  113  26:17  Banshee  
  113  26:18  Banshee x2  
  120  26:20  SCV  
  121  26:26  Widow Mine x3  
  121  26:30  SCV x2  
  121  26:32  SCV  
  130  26:38  Terran Ship Weapons Level 2  
  117  27:01  Orbital Command  
  102  27:14  Widow Mine x2  
  103  27:32  Thor x2  
  103  27:33  Thor x2  
  112  27:41  SCV x4  
  112  27:42  SCV x2  
  112  27:44  Hellion x3  
  97  27:48  Missile Turret  
  97  28:05  Hellion x2, Thor  
  106  28:12  Orbital Command  
  90  28:15  Siege Tank  
  90  28:16  Hellion x2, Siege Tank  
  100  28:26  Hellion  
  100  28:27  Hellion  
  102  28:36  Medivac  
  102  28:37  Hellion, Siege Tank  
  102  28:39  Orbital Command  
  109  28:43  SCV  
  109  28:48  Siege Tank, Widow Mine x2, Hellion x2, SCV  
  122  29:00  Missile Turret  
  122  29:02  Missile Turret  
  122  29:03  Siege Tank  
  122  29:05  SCV x2  
  122  29:07  Refinery  
  122  29:09  Siege Tank, SCV x2  
  132  29:13  SCV  
  133  29:22  Siege Tank x2  
  139  29:27  Hellion  
  139  29:28  SCV x4  
  116  29:46  Siege Tank  
  116  29:47  Hellion x2, Siege Tank  
  126  29:56  Siege Tank  
  126  29:57  Hellion  
  131  30:01  Hellion  
  131  30:06  SCV x6  
  139  30:08  Hellion x2  
  143  30:18  Hellion  
  143  30:19  Hellion x2  
  152  30:22  Hellion  
  154  30:29  Hellion  
Show
View Real Time Build Order
Export as new Build Order

Ludo Zerg 

Build Orders: Hatch First 

Get SALT Encoding   

  12  0:00  Drone  
  13  0:12  Overlord  
  13  0:16  Drone  
  14  0:30  Drone x2  
  16  0:48  Hatchery  
  15  0:51  Drone  
  15  0:54  Drone  
  17  0:58  Drone  
  18  1:10  Extractor  
  17  1:13  Spawning Pool  
  17  1:17  Drone  
  17  1:20  Drone  
  18  1:28  Drone  
  19  1:38  Drone  
  20  1:53  Overlord  
  20  2:01  Queen  
  20  2:02  Queen  
  20  2:03  Zergling x4  
  26  2:13  Drone x2  
  26  2:14  Roach Warren  
  27  2:24  Drone x2  
  29  2:34  Overlord  
  29  2:54  Roach x5  
  39  3:03  Overlord  
  39  3:07  Roach  
  43  3:12  Roach  
  43  3:14  Drone  
  44  3:25  Drone  
  44  3:26  Drone x4  
  49  3:39  Ravager  
  49  3:41  Overlord  
  50  3:42  Hatchery  
  50  3:47  Drone x3  
  52  3:56  Overlord  
  52  4:04  Drone x5  
  53  4:21  Drone x5  
  54  4:30  Drone  
  54  4:31  Drone  
  56  4:32  Extractor  
  56  4:36  Lair  
  56  4:37  Metabolic Boost  
  55  4:43  Queen  
  55  4:44  Extractor  
  56  4:51  Zergling x4  
  58  4:56  Drone  
  58  4:58  Drone  
  58  4:59  Drone x2  
  62  5:00  Queen  
  62  5:04  Spore Crawler  
  62  5:05  Spore Crawler  
  62  5:19  Drone x10  
  62  5:20  Hatchery  
  71  5:21  Overlord  
  71  5:28  Baneling Nest  
  70  5:29  Evolution Chamber  
  70  5:32  Evolution Chamber  
  70  5:33  Overseer  
  68  5:41  Drone x3  
  68  5:42  Glial Reconstitution  
  71  5:51  Overlord, Drone x6  
  71  5:55  Roach  
  71  5:56  Roach  
  81  5:59  Spore Crawler  
  81  6:02  Queen  
  82  6:11  Zerg Melee Weapons Level 1  
  82  6:12  Spire  
  81  6:21  Spore Crawler  
  81  6:24  Spore Crawler  
  79  6:29  Spore Crawler  
  79  6:30  Drone x3  
  79  6:31  Queen  
  79  6:32  Queen x2  
  87  6:42  Overlord  
  87  6:43  Drone x3  
  92  6:47  Roach x3, Extractor x2  
  94  6:57  Spore Crawler  
  94  6:59  Queen  
  94  7:00  Spore Crawler  
  94  7:01  Zerg Missile Weapons Level 1  
  94  7:03  Spore Crawler  
  94  7:05  Roach x5  
  103  7:20  Queen x2  
  102  7:24  Zerg Flyer Weapons Level 1, Corruptor  
  96  7:41  Corruptor x2  
  100  7:45  Drone x4  
  100  8:05  Drone x2  
  102  8:09  Corruptor  
  102  8:11  Overlord  
  102  8:12  Overlord x3  
  104  8:17  Overlord  
  104  8:19  Zerg Melee Weapons Level 2  
  104  8:21  Centrifugal Hooks  
  104  8:26  Overlord  
  104  8:33  Drone  
  104  8:34  Drone x3  
  104  8:37  Drone x10  
  104  8:39  Drone  
  104  8:40  Drone x2  
  120  8:41  Ravager x3  
  123  8:52  Corruptor  
  125  8:59  Overseer  
  125  9:01  Extractor  
  125  9:02  Extractor  
  123  9:03  Roach  
  123  9:04  Roach x5, Zergling x10  
  140  9:12  Extractor  
  140  9:14  Drone  
  140  9:15  Drone x3  
  140  9:16  Drone x3  
  146  9:21  Infestation Pit  
  146  9:22  Zerg Missile Weapons Level 2  
  130  9:39  Corruptor x2  
  130  9:41  Zergling x26  
  130  9:42  Zergling x6  
  144  9:55  Overseer, Hatchery x2  
  144  9:58  Ravager x2  
  144  9:59  Ravager x2  
  146  10:05  Drone x2  
  146  10:06  Zerg Flyer Weapons Level 2, Drone  
  149  10:12  Drone x2  
  149  10:13  Overlord x2  
  149  10:14  Overlord  
  151  10:19  Hive  
  151  10:21  Baneling x2  
  151  10:22  Baneling x5  
  151  10:23  Extractor  
  151  10:27  Extractor  
  151  10:28  Pathogen Glands  
  149  10:30  Drone  
  149  10:31  Overlord, Drone  
  149  10:34  Baneling x6  
  152  10:46  Corruptor x2  
  152  10:48  Overlord  
  138  11:07  Corruptor  
  138  11:08  Corruptor x4  
  145  11:13  Drone  
  145  11:14  Drone x5  
  145  11:15  Overlord, Drone x2  
  153  11:19  Drone x10  
  153  11:24  Overseer  
  163  11:26  Neural Parasite, Hatchery  
  163  11:31  Ravager x4  
  163  11:32  Zergling x14  
  173  11:41  Zerg Melee Weapons Level 3  
  173  11:54  Burrow  
  173  11:58  Roach x9  
  173  11:59  Roach x4  
  163  12:26  Roach x15  
  178  12:38  Zergling x10  
  178  12:42  Overseer  
  178  12:43  Zerg Flyer Weapons Level 3  
  179  12:50  Zergling x12, Extractor  
  184  12:52  Extractor  
  184  12:54  Adrenal Glands  
  184  12:55  Zerg Missile Weapons Level 3  
  184  12:56  Hatchery  
  182  13:02  Spine Crawler, Roach x5  
  182  13:03  Ravager x2  
  193  13:07  Drone  
  193  13:08  Drone  
  193  13:09  Overlord  
  195  13:13  Spore Crawler  
  195  13:16  Overlord  
  182  13:20  Baneling  
  182  13:21  Ravager, Baneling x7  
  182  13:22  Ravager x3  
  182  13:23  Zergling x20  
  182  13:26  Overlord x2  
  196  13:30  Overlord  
  196  13:45  Zergling x2  
  196  13:46  Zergling x6  
  163  14:06  Roach, Zergling x18  
  163  14:07  Zergling x16  
  178  14:20  Viper x3  
  178  14:23  Ravager x10  
  197  14:25  Baneling  
  197  14:26  Baneling x12  
  197  14:34  Drone x2  
  197  14:37  Pneumatized Carapace  
  199  14:39  Hatchery  
  199  14:44  Overseer  
  199  14:45  Overseer  
  198  14:50  Corruptor  
  199  15:05  Spine Crawler  
  199  15:06  Spine Crawler  
  138  15:31  Roach x7  
  138  15:32  Roach x12, Zergling x14  
  167  15:41  Zerg Flyer Armor Level 1  
  167  15:42  Zerg Ground Armor Level 1  
  167  15:44  Drone x5  
  172  15:51  Queen  
  172  15:52  Ravager  
  172  15:53  Ravager x16  
  172  15:55  Baneling x6  
  191  16:06  Spore Crawler  
  191  16:07  Drone  
  191  16:08  Spine Crawler, Drone x9  
  139  16:50  Roach x5  
  139  16:51  Roach x18  
  158  17:03  Unknown, Drone x4  
  158  17:04  Drone x4  
  165  17:16  Ravager x4  
  165  17:17  Ravager x8  
  165  17:18  Viper  
  180  17:24  Drone x2  
  180  17:28  Overseer  
  182  17:36  Drone x10  
  192  17:37  Spore Crawler  
  192  17:38  Ravager x5  
  192  17:39  Ravager  
  192  17:41  Corruptor  
  199  17:50  Greater Spire  
  199  17:52  Spine Crawler  
  199  17:53  Spine Crawler  
  199  17:56  Spine Crawler  
  195  18:08  Corruptor x4  
  157  18:21  Zergling x2  
  157  18:22  Roach, Zergling x32  
  157  18:23  Roach x5  
  169  18:34  Roach  
  169  18:35  Roach x6  
  183  18:42  Zerg Ground Armor Level 2  
  183  18:45  Ravager  
  183  18:46  Ravager x5  
  183  18:48  Roach x5  
  198  18:56  Baneling x8  
  198  18:57  Baneling x2  
  170  19:14  Brood Lord x4  
  170  19:15  Zergling x4  
  170  19:16  Zergling x40  
  187  19:19  Spore Crawler  
  186  19:30  Brood Lord  
  154  19:32  Roach  
  154  19:33  Roach x6  
  154  19:36  Corruptor  
  154  19:37  Corruptor  
  155  19:49  Corruptor x5  
  155  19:58  Zerg Flyer Armor Level 2  
  155  20:06  Corruptor  
  155  20:07  Corruptor  
  155  20:09  Zergling x28  
  155  20:10  Zergling x2  
  155  20:12  Hatchery  
  166  20:23  Overseer  
  166  20:26  Corruptor  
  166  20:27  Corruptor x3  
  172  20:30  Ravager x2  
  172  20:32  Baneling x2  
  174  20:38  Extractor  
  173  20:43  Spine Crawler x2  
  173  20:44  Baneling  
  173  20:45  Baneling x12  
  173  20:48  Hatchery  
  166  20:51  Roach x2  
  166  20:52  Roach x2  
  174  20:59  Corruptor  
  174  21:01  Drone x5  
  174  21:02  Drone x2  
  170  21:26  Ravager x7  
  170  21:27  Infestor x2  
  170  21:29  Zergling x2  
  170  21:30  Zergling x28  
  196  21:40  Zergling x4  
  196  21:41  Overlord  
  189  21:57  Spore Crawler x3  
  189  22:00  Roach  
  189  22:01  Roach x19  
  177  22:13  Infestor x4  
  183  22:15  Roach  
  183  22:16  Roach x3  
  183  22:19  Overlord, Zergling x2  
  161  22:57  Roach  
  161  22:58  Roach x16  
  179  23:01  Overlord  
  163  23:09  Overseer  
  163  23:10  Zerg Flyer Armor Level 3  
  163  23:22  Ravager x11  
  163  23:23  Zergling x2  
  163  23:24  Zergling x22  
  186  23:30  Hatchery  
  185  23:40  Viper x2  
  178  24:07  Corruptor x3  
  162  24:43  Roach x12, Zergling x8  
  162  24:44  Zergling x14  
  187  24:57  Corruptor  
  187  24:58  Corruptor x5  
  175  25:18  Corruptor x2  
  175  25:19  Corruptor x4  
  175  25:21  Infestor  
  185  25:31  Extractor  
  171  25:37  Hatchery  
  147  25:49  Roach x12  
  166  25:50  Roach x6  
  163  26:04  Hatchery  
  163  26:08  Zergling x2  
  163  26:09  Zergling x10  
  164  26:20  Infestor x3  
  164  26:21  Spore Crawler  
  164  26:22  Spore Crawler  
  168  26:27  Zergling x2  
  168  26:28  Zergling x16  
  177  26:37  Spore Crawler  
  177  26:38  Spore Crawler  
  177  26:39  Spore Crawler  
  174  26:45  Hatchery, Spore Crawler  
  172  26:50  Extractor  
  155  27:07  Zergling x12  
  155  27:08  Zergling x18  
  157  27:18  Viper x2  
  161  27:27  Baneling x6  
  157  27:34  Zergling x2  
  157  27:35  Zergling x26  
  152  27:40  Zergling x10  
  151  27:51  Baneling x6  
  151  27:57  Drone  
  152  27:59  Overlord, Drone x8  
  156  28:20  Overlord  
  156  28:24  Overseer  
  156  28:25  Overseer x2  
  156  28:42  Spore Crawler  
  156  28:44  Drone x5  
  160  28:49  Infestor x2  
  160  28:50  Infestor  
  157  29:00  Extractor  
  157  29:01  Extractor  
  157  29:02  Baneling x3  
  154  29:03  Spine Crawler, Baneling x8  
  154  29:05  Ravager x2  
  154  29:09  Drone x5  
  160  29:19  Overseer  
  160  29:20  Spore Crawler  
  160  29:22  Spine Crawler  
  160  29:23  Spore Crawler  
  157  29:25  Spore Crawler  
  157  29:27  Spore Crawler  
  157  29:29  Spore Crawler  
  129  29:43  Roach x6  
  124  29:55  Brood Lord x3  
  128  30:05  Zergling x32  
  128  30:06  Zergling x14  
  147  30:16  Infestor  
  147  30:19  Zergling x12  
  155  30:27  Hatchery  
Tags
 
Composition
Mech
Matchup
TvZ
Spawn Locations
Cross Positions
Add a new tag
Caveats
  • Supply blocks, unpowered buildings, or Contaminate may cause inaccurate times.
  • Supply counts are checked every 10 seconds.